Login

Winnipeg Jets vs Colorado Avalanche

Created - 01 April 2024 at 23:31

Goals
1 2 3 T
Winnipeg Jets 0 0 3 3
Colorado Avalanche 0 2 2 4
Shots
1 2 3 T
Winnipeg Jets 4 9 20 33
Colorado Avalanche 8 12 24 44

GoalsPenalties
1st period
No Goal
Ryan Johansen (COL) for Tripping (Minor) at 17:59
2nd period
1. Colorado Avalanche , Tomas Tatar 4 (Valeri Nichushkin 4, Ryan Johansen 2) at 2:03 (PP)
2. Colorado Avalanche , Ryan Johansen 2 (Valeri Nichushkin 5, Cale Makar 6) at 7:49
Josh Morrissey (WPG) for High sticking (Minor) at 0:42
Neal Pionk (WPG) for Holding (Minor) at 9:45
3rd period
3. Colorado Avalanche , Valeri Nichushkin 4 (Ryan Johansen 3) at 4:26
4. Winnipeg Jets , Mark Scheifele 4 (Kyle Connor 7) at 5:33
5. Colorado Avalanche , Mikko Rantanen 8 (Nathan MacKinnon 9) at 7:09 (PP)
6. Winnipeg Jets , Nino Niederreiter 2 (Nikolaj Ehlers 6, Adam Lowry 2) at 14:45
7. Winnipeg Jets , Alex Iafallo 2 (Alex Chiasson 1, Gabriel Vilardi 2) at 18:18
Dylan DeMelo (WPG) for Tripping (Minor) at 1:28
Phil Kessel (WPG) for Tripping (Minor) at 5:58
Goalie Stats
Connor Hellebuyck (WPG), 40 saves from 44 shots - (0.909), L, 4-6-2, 59:22 minutes
Alexandar Georgiev (COL), 30 saves from 33 shots - (0.909), W, 5-3-2, 60:00 minutes
3 StarsOfficial
1 - Valeri Nichushkin (COL)
2 - Ryan Johansen (COL)
3 - Tomas Tatar (COL)
Referees : Brian Pochmara and Jim Curtin
Linesman : Jaime Alary and James Tobias
Game Note
No Game Note
Finance
Level 1 -- Attendance: 5536 (92.27%) -- Ticket Income $553,600
Level 2 -- Attendance: 4679 (93.58%) -- Ticket Income $280,740
Level 3 -- Attendance: 1931 (96.55%) -- Ticket Income $67,585
Level 4 -- Attendance: 3732 (93.30%) -- Ticket Income $93,300
Luxury Box -- Attendance: 988 (98.80%) -- Ticket Income $197,600
Game was played at the Ball Arena.
Total Attendance: 16866 (93.70%)
Total Ticket Income: $1,192,825
Other Income: $584,484
Total Income: $1,777,309



Team Name Goals Shots Shots Attemp Shots Blocked PIM HIT PP PK FO%
Winnipeg Jets 33360198230 / 1 (0%)235%
Colorado Avalanche 44483112212 / 4 (50%)065%

Winnipeg Jets
Player Name POS G A P +/- PIM HIT SHT SB MP PP MP PP SHT PK MP PK SHT FO% FOT GA TA
Adam LowryC0111032015:360:4700:00050% 1000
Alex ChiassonRW011-1023115:440:0001:1210% 000
Alex IafalloLW101-1004119:130:0004:3200% 000
Arber XhekajD000001004:230:0000:0000% 000
Brenden DillonD0000010318:520:3901:4900% 002
Dylan DeMeloD0000202120:000:3902:1100% 002
Dylan SambergD0002000115:531:2004:4100% 001
Gabriel VilardiC011-1003315:430:0001:12033% 912
Josh MorrisseyD000-1214528:080:0003:3000% 001
Kyle ConnorLW0111037019:051:1210:350100% 110
Mark ScheifeleC1011023022:101:1201:00042% 2610
Mathieu OlivierRW000001005:470:0000:0000% 000
Morgan BarronC0000010111:130:0004:29013% 1500
Nate SchmidtD000200019:450:0000:0000% 000
Neal PionkD000-1221123:451:2000:4900% 000
Nikolaj EhlersLW0111031015:270:4700:0000% 101
Nino NiederreiterRW1011012116:200:4700:0000% 010
Phil KesselRW0001221016:221:1200:0000% 000
Colorado Avalanche
Player Name POS G A P +/- PIM HIT SHT SB MP PP MP PP SHT PK MP PK SHT FO% FOT GA TA
Andrew CoglianoC000001108:090:0000:3700% 000
Artturi LehkonenLW000-1012023:484:0920:0000% 100
Bowen ByramD0001002021:304:3600:3500% 000
Cale MakarD0111023127:514:3610:3500% 010
Caleb JonesD0001021014:520:0000:0000% 001
Fredrik OlofssonLW000001007:570:0000:2500% 000
Jack JohnsonD000-3040017:171:5401:2400% 001
Joel KivirantaLW000000007:320:0000:0000% 000
Jonathan DrouinLW000-1014011:560:0000:1200% 010
Josh MansonD0001032321:130:0000:0000% 000
Logan O'ConnorRW000-1001111:440:0000:000100% 110
Mikko RantanenRW101-10010023:484:0930:00067% 311
Nathan MacKinnonC011-1005223:484:0920:00061% 3320
Ross ColtonC000-1000013:070:0001:22075% 800
Ryan JohansenC1231221014:562:2100:00071% 1410
Samuel GirardD000-3002217:171:5411:2400% 010
Tomas TatarLW1011033116:192:2121:220100% 110
Valeri NichushkinRW1231017114:562:2120:0000% 101

Winnipeg Jets

5 vs 5 Forward
Line #Left WingCenterRight WingPHYDFOFWanted %Time %Time Play
1Kyle ConnorMark ScheifelePhil Kessel1223531%15:40
2Nikolaj EhlersAdam LowryNino Niederreiter1223029%14:39
3Alex IafalloGabriel VilardiAlex Chiasson1222529%14:30
4Mark ScheifeleMorgan BarronMathieu Olivier1221011%5:47
5 vs 5 Defense
Line #DefenseDefensePHYDFOFWanted %Time %Time Play
1Josh MorrisseyNeal Pionk1224042%21:12
2Brenden DillonDylan DeMelo1223030%15:16
3Dylan SambergNate Schmidt1222019%9:45
4Arber XhekajJosh Morrissey122109%4:23
Power Play Forward
Line #Left WingCenterRight WingPHYDFOFWanted %Time %Time Play
1Kyle ConnorMark ScheifelePhil Kessel1226061%1:12
2Nikolaj EhlersAdam LowryNino Niederreiter1224039%0:47
Power Play Defense
Line #DefenseDefensePHYDFOFWanted %Time %Time Play
1Dylan SambergNeal Pionk1226067%1:20
2Brenden DillonDylan DeMelo1224033%0:39
Penalty Kill 4 Players Forward
Line #CenterWingPHYDFOFWanted %Time %Time Play
1Morgan BarronAlex Iafallo1226082%5:18
2Gabriel VilardiAlex Chiasson1224018%1:12
Penalty Kill 4 Players Defense
Line #DefenseDefensePHYDFOFWanted %Time %Time Play
1Josh MorrisseyDylan Samberg1226068%4:27
2Brenden DillonDylan DeMelo1224032%2:03
Penalty Kill 3 Players
Line #WingPHYDFOFWanted %Time %Time PlayDefenseDefensePHYDFOFWanted %Time %Time Play
1Mark Scheifele122600%0:00 Josh MorrisseyBrenden Dillon122600%0:00
2Adam Lowry122400%0:00 Dylan SambergDylan DeMelo122400%0:00
4 vs 4 Forward
Line #CenterWingPHYDFOFWanted %Time %Time Play
1Mark ScheifeleKyle Connor122600%0:00
2Adam LowryNikolaj Ehlers122400%0:00
4 vs 4 Defense
Line #DefensePHYDFOFWanted %Time %Time Play
1Dylan SambergBrenden Dillon122600%0:00
2Josh MorrisseyDylan DeMelo122400%0:00
Last Minutes Offensive
Left WingCenterRight WingDefenseDefense
Kyle ConnorMark ScheifeleNino NiederreiterJosh MorrisseyNeal Pionk
Last Minutes Defensive
Left WingCenterRight WingDefenseDefense
Nikolaj EhlersMark ScheifeleAlex ChiassonDylan DeMeloDylan Samberg
Time
Total ForwardTotal DefenseLast Minutes OffensiveLast Minutes Defensive
60:00 60:00 0:550:00
Extra Forwards
Normal PowerPlayPenalty Kill
Mark Scheifele, Kyle Connor, Adam LowryKyle Connor, Mark ScheifeleMark Scheifele
Extra Defensemen
Normal PowerPlayPenalty Kill
Dylan DeMelo, Brenden Dillon, Neal PionkDylan DeMelo, Dylan DeMeloDylan Samberg
Penalty Shots
Mark Scheifele, Phil Kessel, Kyle Connor, Nikolaj Ehlers, Nino Niederreiter
Goalie
Connor Hellebuyck, Laurent Brossoit
Custom OT Lines Forwards
Mark Scheifele, Kyle Connor, Adam Lowry, Nikolaj Ehlers, Nino Niederreiter, Phil Kessel, Gabriel Vilardi, Alex Iafallo, Morgan Barron, Alex Chiasson
Custom OT Lines Defensemen
Neal Pionk, Brenden Dillon, Dylan Samberg, Nate Schmidt, Dylan DeMelo
Scratches
Mason Appleton (Healthy), Samuel Fagemo (Healthy), Rasmus Kupari (Healthy)

Colorado Avalanche

5 vs 5 Forward
Line #Left WingCenterRight WingPHYDFOFWanted %Time %Time Play
1Artturi LehkonenNathan MacKinnonMikko Rantanen1044037%18:46
2Tomas TatarRyan JohansenValeri Nichushkin1043025%12:35
3Jonathan DrouinRoss ColtonLogan O'Connor1132023%11:44
4Joel KivirantaAndrew CoglianoFredrik Olofsson1221015%7:32
5 vs 5 Defense
Line #DefenseDefensePHYDFOFWanted %Time %Time Play
1Cale MakarJosh Manson0414042%21:14
2Jack JohnsonSamuel Girard0413028%13:59
3Bowen ByramCaleb Jones0413028%13:58
4Cale MakarBowen Byram12203%1:26
Power Play Forward
Line #Left WingCenterRight WingPHYDFOFWanted %Time %Time Play
1Artturi LehkonenNathan MacKinnonMikko Rantanen0056064%4:09
2Tomas TatarRyan JohansenValeri Nichushkin0054036%2:21
Power Play Defense
Line #DefenseDefensePHYDFOFWanted %Time %Time Play
1Cale MakarBowen Byram0056071%4:36
2Jack JohnsonSamuel Girard0054029%1:54
Penalty Kill 4 Players Forward
Line #CenterWingPHYDFOFWanted %Time %Time Play
1Ross ColtonTomas Tatar1316079%1:34
2Ryan JohansenFredrik Olofsson1314021%0:25
Penalty Kill 4 Players Defense
Line #DefenseDefensePHYDFOFWanted %Time %Time Play
1Cale MakarBowen Byram1405029%0:35
2Jack JohnsonSamuel Girard1315071%1:24
Penalty Kill 3 Players
Line #WingPHYDFOFWanted %Time %Time PlayDefenseDefensePHYDFOFWanted %Time %Time Play
1Ross Colton122600%0:00 Cale MakarBowen Byram122600%0:00
2Ryan Johansen122400%0:00 Jack JohnsonSamuel Girard122400%0:00
4 vs 4 Forward
Line #CenterWingPHYDFOFWanted %Time %Time Play
1Nathan MacKinnonArtturi Lehkonen104600%0:00
2Ryan JohansenTomas Tatar113400%0:00
4 vs 4 Defense
Line #DefensePHYDFOFWanted %Time %Time Play
1Cale MakarBowen Byram104600%0:00
2Jack JohnsonSamuel Girard122400%0:00
Last Minutes Offensive
Left WingCenterRight WingDefenseDefense
Artturi LehkonenNathan MacKinnonMikko RantanenCale MakarBowen Byram
Last Minutes Defensive
Left WingCenterRight WingDefenseDefense
Artturi LehkonenNathan MacKinnonMikko RantanenCale MakarBowen Byram
Time
Total ForwardTotal DefenseLast Minutes OffensiveLast Minutes Defensive
60:00 60:00 0:000:54
Extra Forwards
Normal PowerPlayPenalty Kill
Tomas Tatar, Ryan Johansen, Ross ColtonTomas Tatar, Ryan JohansenTomas Tatar
Extra Defensemen
Normal PowerPlayPenalty Kill
Samuel Girard, Josh Manson, Caleb JonesSamuel Girard, Samuel GirardJosh Manson
Penalty Shots
Mikko Rantanen, Nathan MacKinnon, Valeri Nichushkin, Artturi Lehkonen, Tomas Tatar
Goalie
Alexandar Georgiev, Pavel Francouz
Custom OT Lines Forwards
Mikko Rantanen, Nathan MacKinnon, Valeri Nichushkin, Artturi Lehkonen, Tomas Tatar, Ryan Johansen, Ross Colton, Logan O'Connor, Jonathan Drouin, Andrew Cogliano
Custom OT Lines Defensemen
Cale Makar, Bowen Byram, Jack Johnson, Samuel Girard, Josh Manson
Scratches
Devon Toews (Suspend), Justus Annunen (Healthy)


Play-by-Play

1st period


0:01 of 1st period - Nathan MacKinnon wins face-off versus Mark Scheifele in neutral zone.
0:04 of 1st period - Slapshot by Mikko Rantanen.
0:04 of 1st period - Shot Blocked by Neal Pionk.
0:08 of 1st period - Slapshot by Mikko Rantanen.
0:08 of 1st period - Stopped by Connor Hellebuyck without a rebound.
0:09 of 1st period - Mark Scheifele wins face-off versus Nathan MacKinnon in Winnipeg Jets zone.
0:14 of 1st period - Snap shot by Josh Morrissey.
0:14 of 1st period - Stopped by Alexandar Georgiev without a rebound.
0:15 of 1st period - Ryan Johansen wins face-off versus Adam Lowry in Colorado Avalanche zone.
0:15 of 1st period - Ryan Johansen is hit by Adam Lowry.
0:27 of 1st period - Wrist shot by Tomas Tatar.
0:27 of 1st period - Stopped by Connor Hellebuyck without a rebound.
0:28 of 1st period - Ross Colton wins face-off versus Gabriel Vilardi in Winnipeg Jets zone.
0:33 of 1st period - Snap shot by Jonathan Drouin.
0:33 of 1st period - Stopped by Connor Hellebuyck with a rebound.
0:45 of 1st period - Snap shot by Gabriel Vilardi.
0:45 of 1st period - Shot Blocked by Logan O'Connor.
1:42 of 1st period - Off-side.
1:43 of 1st period - Adam Lowry wins face-off versus Ryan Johansen in neutral zone.
1:46 of 1st period - Wrist shot by Nino Niederreiter.
1:46 of 1st period - Stopped by Alexandar Georgiev with a rebound.
2:10 of 1st period - Neal Pionk is hit by Jack Johnson and loses puck.
2:35 of 1st period - Snap shot by Kyle Connor.
2:35 of 1st period - Shot Blocked by Josh Manson.
3:12 of 1st period - Slapshot by Cale Makar.
3:12 of 1st period - Stopped by Connor Hellebuyck without a rebound.
3:13 of 1st period - Nathan MacKinnon wins face-off versus Mark Scheifele in Winnipeg Jets zone.
3:14 of 1st period - Snap shot by Mikko Rantanen.
3:14 of 1st period - Shot Blocked by Brenden Dillon.
3:28 of 1st period - Artturi Lehkonen is hit by Kyle Connor and loses puck.
4:06 of 1st period - Slapshot by Bowen Byram.
4:06 of 1st period - Stopped by Connor Hellebuyck with a rebound.
4:08 of 1st period - Slapshot by Bowen Byram.
4:08 of 1st period - Shot Blocked by Josh Morrissey.
6:40 of 1st period - Mark Scheifele is hit by Tomas Tatar and loses puck.
7:09 of 1st period - Ross Colton is hit by Morgan Barron and loses puck.
7:33 of 1st period - Artturi Lehkonen is hit by Adam Lowry and loses puck.
8:00 of 1st period - Wrist shot by Joel Kiviranta.
8:00 of 1st period - Shot Misses the Net.
8:24 of 1st period - Slapshot by Valeri Nichushkin.
8:24 of 1st period - Stopped by Connor Hellebuyck with a rebound.
9:26 of 1st period - Gabriel Vilardi is hit by Caleb Jones and loses puck.
10:28 of 1st period - Gabriel Vilardi is hit by Tomas Tatar and loses puck.
10:33 of 1st period - Slapshot by Cale Makar.
10:33 of 1st period - Shot Misses the Net.
10:49 of 1st period - Cale Makar is hit by Mathieu Olivier and loses puck.
12:46 of 1st period - Slapshot by Josh Morrissey.
12:46 of 1st period - Shot Blocked by Nathan MacKinnon.
13:00 of 1st period - Snap shot by Tomas Tatar.
13:00 of 1st period - Shot Misses the Net.
14:38 of 1st period - Slapshot by Josh Morrissey.
14:38 of 1st period - Shot Blocked by Josh Manson.
14:58 of 1st period - Icing by Cale Makar.
14:59 of 1st period - Ross Colton wins face-off versus Morgan Barron in Colorado Avalanche zone.
15:46 of 1st period - Snap shot by Valeri Nichushkin.
15:46 of 1st period - Shot Hit the Post.
15:48 of 1st period - Wrist shot by Valeri Nichushkin.
15:48 of 1st period - Stopped by Connor Hellebuyck without a rebound.
15:49 of 1st period - Ryan Johansen wins face-off versus Mark Scheifele in Winnipeg Jets zone.
16:14 of 1st period - Wrist shot by Tomas Tatar.
16:14 of 1st period - Shot Misses the Net.
16:16 of 1st period - Wrist shot by Samuel Girard.
16:16 of 1st period - Deflect By Valeri Nichushkin.
16:16 of 1st period - Shot Misses the Net.
16:16 of 1st period - Puck is out of play.
16:17 of 1st period - Adam Lowry wins face-off versus Nathan MacKinnon in Winnipeg Jets zone.
16:22 of 1st period - Snap shot by Nikolaj Ehlers.
16:22 of 1st period - Stopped by Alexandar Georgiev without a rebound.
16:23 of 1st period - Mark Scheifele wins face-off versus Nathan MacKinnon in Colorado Avalanche zone.
17:11 of 1st period - Snap shot by Nathan MacKinnon.
17:11 of 1st period - Shot Misses the Net.
17:48 of 1st period - Snap shot by Mikko Rantanen.
17:48 of 1st period - Stopped by Connor Hellebuyck without a rebound.
17:49 of 1st period - Mark Scheifele wins face-off versus Valeri Nichushkin in Winnipeg Jets zone.
17:49 of 1st period - Mark Scheifele is hit by Jack Johnson.
17:57 of 1st period - Wrist shot by Mark Scheifele.
17:57 of 1st period - Shot Blocked by Tomas Tatar.
17:59 of 1st period - Minor Penalty to Ryan Johansen for Tripping.
18:00 of 1st period - Ross Colton wins face-off versus Mark Scheifele in Colorado Avalanche zone.
18:11 of 1st period - Snap shot by Mark Scheifele.
18:11 of 1st period - Shot Misses the Net.
18:13 of 1st period - Slapshot by Phil Kessel.
18:13 of 1st period - Deflect By Kyle Connor.
18:13 of 1st period - Stopped by Alexandar Georgiev without a rebound.
18:14 of 1st period - Ross Colton wins face-off versus Mark Scheifele in Colorado Avalanche zone.
19:02 of 1st period - Ross Colton is hit by Nikolaj Ehlers and loses puck.
19:25 of 1st period - Jonathan Drouin is hit by Mark Scheifele and loses puck.
19:59 of 1st period - Penalty to Ryan Johansen is over, Ryan Johansen is back on ice.
Goals for this period are 0 for Winnipeg Jets vs 0 for Colorado Avalanche.
Shots for this period are 4 for Winnipeg Jets vs 8 for Colorado Avalanche.

2nd period


0:01 of 2nd period - Nathan MacKinnon wins face-off versus Mark Scheifele in neutral zone.
0:42 of 2nd period - Minor Penalty to Josh Morrissey for High sticking.
0:43 of 2nd period - Nathan MacKinnon wins face-off versus Morgan Barron in Winnipeg Jets zone.
1:17 of 2nd period - Slapshot by Valeri Nichushkin.
1:17 of 2nd period - Stopped by Connor Hellebuyck without a rebound.
1:18 of 2nd period - Tomas Tatar wins face-off versus Morgan Barron in Winnipeg Jets zone.
1:27 of 2nd period - Snap shot by Valeri Nichushkin.
1:27 of 2nd period - Shot Misses the Net.
1:29 of 2nd period - Snap shot by Valeri Nichushkin.
1:29 of 2nd period - Stopped by Connor Hellebuyck without a rebound.
1:30 of 2nd period - Morgan Barron wins face-off versus Nathan MacKinnon in Winnipeg Jets zone.
1:39 of 2nd period - Snap shot by Mikko Rantanen.
1:39 of 2nd period - Shot Blocked by Morgan Barron.
1:57 of 2nd period - Slapshot by Tomas Tatar.
1:57 of 2nd period - Stopped by Connor Hellebuyck with a rebound.
1:59 of 2nd period - Slapshot by Samuel Girard.
1:59 of 2nd period - Deflect By Dylan DeMelo.
1:59 of 2nd period - Stopped by Connor Hellebuyck without a rebound.
2:00 of 2nd period - Ryan Johansen wins face-off versus Gabriel Vilardi in Winnipeg Jets zone.
2:03 of 2nd period - Wrist shot by Tomas Tatar.
2:03 of 2nd period - Deflect By Dylan DeMelo.
2:03 of 2nd period - Goal by Tomas Tatar - Winnipeg Jets : 0 - Colorado Avalanche : 1.
2:04 of 2nd period - Mark Scheifele wins face-off versus Nathan MacKinnon in neutral zone.
2:59 of 2nd period - Slapshot by Alex Iafallo.
2:59 of 2nd period - Stopped by Alexandar Georgiev with a rebound.
3:01 of 2nd period - Slapshot by Alex Chiasson.
3:01 of 2nd period - Stopped by Alexandar Georgiev without a rebound.
3:02 of 2nd period - Mark Scheifele wins face-off versus Nathan MacKinnon in Colorado Avalanche zone.
3:29 of 2nd period - Dylan DeMelo is hit by Ryan Johansen and loses puck.
3:38 of 2nd period - Snap shot by Nikolaj Ehlers.
3:38 of 2nd period - Deflect By Adam Lowry.
3:38 of 2nd period - Stopped by Alexandar Georgiev with a rebound.
3:40 of 2nd period - Wrist shot by Adam Lowry.
3:40 of 2nd period - Stopped by Alexandar Georgiev with a rebound.
3:52 of 2nd period - Wrist shot by Alex Iafallo.
3:52 of 2nd period - Shot Misses the Net.
4:01 of 2nd period - Snap shot by Ross Colton.
4:01 of 2nd period - Shot Blocked by Nate Schmidt.
4:21 of 2nd period - Wrist shot by Andrew Cogliano.
4:21 of 2nd period - Stopped by Connor Hellebuyck without a rebound.
4:22 of 2nd period - Nathan MacKinnon wins face-off versus Nikolaj Ehlers in Winnipeg Jets zone.
4:27 of 2nd period - Slapshot by Nathan MacKinnon.
4:27 of 2nd period - Deflect By Mikko Rantanen.
4:27 of 2nd period - Stopped by Connor Hellebuyck without a rebound.
4:28 of 2nd period - Nathan MacKinnon wins face-off versus Adam Lowry in Winnipeg Jets zone.
4:39 of 2nd period - Snap shot by Josh Morrissey.
4:39 of 2nd period - Shot Misses the Net.
4:41 of 2nd period - Slapshot by Josh Morrissey.
4:41 of 2nd period - Stopped by Alexandar Georgiev with a rebound.
4:45 of 2nd period - Snap shot by Josh Morrissey.
4:45 of 2nd period - Shot Blocked by Cale Makar.
5:02 of 2nd period - Neal Pionk is hit by Ryan Johansen.
5:40 of 2nd period - Wrist shot by Samuel Girard.
5:40 of 2nd period - Shot Blocked by Dylan DeMelo.
5:58 of 2nd period - Artturi Lehkonen is hit by Phil Kessel and loses puck.
6:07 of 2nd period - Kyle Connor is hit by Jack Johnson and loses puck.
7:26 of 2nd period - Nathan MacKinnon is hit by Neal Pionk and loses puck.
7:41 of 2nd period - Snap shot by Valeri Nichushkin.
7:41 of 2nd period - Stopped by Connor Hellebuyck without a rebound.
7:42 of 2nd period - Ryan Johansen wins face-off versus Gabriel Vilardi in Winnipeg Jets zone.
7:47 of 2nd period - Slapshot by Valeri Nichushkin.
7:47 of 2nd period - Stopped by Connor Hellebuyck with a rebound.
7:49 of 2nd period - Wrist shot by Ryan Johansen.
7:49 of 2nd period - Goal by Ryan Johansen - Winnipeg Jets : 0 - Colorado Avalanche : 2.
7:50 of 2nd period - Nathan MacKinnon wins face-off versus Mark Scheifele in neutral zone.
8:03 of 2nd period - Mark Scheifele is hit by Artturi Lehkonen and loses puck.
8:29 of 2nd period - Valeri Nichushkin is hit by Neal Pionk and loses puck.
8:44 of 2nd period - Snap shot by Alex Iafallo.
8:44 of 2nd period - Stopped by Alexandar Georgiev with a rebound.
9:17 of 2nd period - Wrist shot by Ross Colton.
9:17 of 2nd period - Shot Blocked by Brenden Dillon.
9:19 of 2nd period - Slapshot by Jonathan Drouin.
9:19 of 2nd period - Shot Blocked by Brenden Dillon.
9:21 of 2nd period - Slapshot by Ross Colton.
9:21 of 2nd period - Deflect By Jonathan Drouin.
9:21 of 2nd period - Stopped by Connor Hellebuyck without a rebound.
9:22 of 2nd period - Adam Lowry wins face-off versus Nathan MacKinnon in Winnipeg Jets zone.
9:22 of 2nd period - Adam Lowry is hit by Josh Manson.
9:28 of 2nd period - Nathan MacKinnon is hit by Adam Lowry and loses puck.
9:45 of 2nd period - Minor Penalty to Neal Pionk for Holding.
9:46 of 2nd period - Mikko Rantanen wins face-off versus Morgan Barron in Winnipeg Jets zone.
10:01 of 2nd period - Josh Morrissey is hit by Cale Makar and loses puck.
11:01 of 2nd period - Snap shot by Alex Chiasson.
11:01 of 2nd period - Stopped by Alexandar Georgiev without a rebound.
11:02 of 2nd period - Ryan Johansen wins face-off versus Gabriel Vilardi in Colorado Avalanche zone.
11:36 of 2nd period - Mark Scheifele is hit by Tomas Tatar.
11:45 of 2nd period - Penalty to Neal Pionk is over, Neal Pionk is back on ice.
12:23 of 2nd period - Neal Pionk is hit by Fredrik Olofsson and loses puck.
12:37 of 2nd period - Fredrik Olofsson is hit by Phil Kessel and loses puck.
12:59 of 2nd period - Joel Kiviranta is hit by Kyle Connor and loses puck.
13:48 of 2nd period - Kyle Connor is hit by Cale Makar and loses puck.
14:39 of 2nd period - Wrist shot by Cale Makar.
14:39 of 2nd period - Shot Misses the Net.
14:41 of 2nd period - Backhand shot by Joel Kiviranta.
14:41 of 2nd period - Shot Blocked by Josh Morrissey.
14:43 of 2nd period - Slapshot by Cale Makar.
14:43 of 2nd period - Stopped by Connor Hellebuyck without a rebound.
14:44 of 2nd period - Gabriel Vilardi wins face-off versus Artturi Lehkonen in Winnipeg Jets zone.
14:53 of 2nd period - Slapshot by Alex Iafallo.
14:53 of 2nd period - Stopped by Alexandar Georgiev without a rebound.
14:54 of 2nd period - Gabriel Vilardi wins face-off versus Nathan MacKinnon in Colorado Avalanche zone.
14:55 of 2nd period - Slapshot by Alex Iafallo.
14:55 of 2nd period - Shot Misses the Net.
14:57 of 2nd period - Slapshot by Dylan DeMelo.
14:57 of 2nd period - Deflect By Nathan MacKinnon.
14:57 of 2nd period - Stopped by Alexandar Georgiev with a rebound.
14:59 of 2nd period - Slapshot by Brenden Dillon.
14:59 of 2nd period - Shot Misses the Net.
15:46 of 2nd period - Snap shot by Artturi Lehkonen.
15:46 of 2nd period - Shot Misses the Net.
16:02 of 2nd period - Wrist shot by Nathan MacKinnon.
16:02 of 2nd period - Shot Misses the Net.
16:16 of 2nd period - Snap shot by Gabriel Vilardi.
16:16 of 2nd period - Deflect By Alex Chiasson.
16:16 of 2nd period - Shot Blocked by Nathan MacKinnon.
16:16 of 2nd period - Puck is out of play.
16:17 of 2nd period - Ryan Johansen wins face-off versus Adam Lowry in Colorado Avalanche zone.
16:53 of 2nd period - Mathieu Olivier is hit by Josh Manson.
17:05 of 2nd period - Valeri Nichushkin is hit by Arber Xhekaj and loses puck.
18:05 of 2nd period - Mikko Rantanen is hit by Alex Chiasson and loses puck.
19:30 of 2nd period - Joel Kiviranta is hit by Nikolaj Ehlers and loses puck.
Goals for this period are 0 for Winnipeg Jets vs 2 for Colorado Avalanche.
Shots for this period are 9 for Winnipeg Jets vs 12 for Colorado Avalanche.

3rd period


0:01 of 3rd period - Kyle Connor wins face-off versus Nathan MacKinnon in neutral zone.
0:10 of 3rd period - Slapshot by Josh Morrissey.
0:10 of 3rd period - Stopped by Alexandar Georgiev without a rebound.
0:11 of 3rd period - Nathan MacKinnon wins face-off versus Mark Scheifele in Colorado Avalanche zone.
0:18 of 3rd period - Snap shot by Nathan MacKinnon.
0:18 of 3rd period - Shot Misses the Net.
0:44 of 3rd period - Nikolaj Ehlers is hit by Josh Manson and loses puck.
1:01 of 3rd period - Snap shot by Gabriel Vilardi.
1:01 of 3rd period - Shot Misses the Net.
1:07 of 3rd period - Slapshot by Cale Makar.
1:07 of 3rd period - Shot Hit the Post.
1:09 of 3rd period - Slapshot by Josh Manson.
1:09 of 3rd period - Deflect By Gabriel Vilardi.
1:09 of 3rd period - Stopped by Connor Hellebuyck without a rebound.
1:10 of 3rd period - Nathan MacKinnon wins face-off versus Mark Scheifele in Winnipeg Jets zone.
1:28 of 3rd period - Minor Penalty to Dylan DeMelo for Tripping.
1:29 of 3rd period - Nathan MacKinnon wins face-off versus Morgan Barron in Winnipeg Jets zone.
3:28 of 3rd period - Penalty to Dylan DeMelo is over, Dylan DeMelo is back on ice.
3:55 of 3rd period - Nino Niederreiter is hit by Andrew Cogliano and loses puck.
4:09 of 3rd period - Bowen Byram is hit by Nikolaj Ehlers and loses puck.
4:22 of 3rd period - Snap shot by Bowen Byram.
4:22 of 3rd period - Shot Blocked by Nino Niederreiter.
4:24 of 3rd period - Slapshot by Bowen Byram.
4:24 of 3rd period - Deflect By Nikolaj Ehlers.
4:24 of 3rd period - Stopped by Connor Hellebuyck without a rebound.
4:25 of 3rd period - Ryan Johansen wins face-off versus Gabriel Vilardi in Winnipeg Jets zone.
4:26 of 3rd period - Snap shot by Valeri Nichushkin.
4:26 of 3rd period - Goal by Valeri Nichushkin - Winnipeg Jets : 0 - Colorado Avalanche : 3.
4:27 of 3rd period - Nathan MacKinnon wins face-off versus Mark Scheifele in neutral zone.
5:08 of 3rd period - Wrist shot by Nikolaj Ehlers.
5:08 of 3rd period - Shot Misses the Net.
5:18 of 3rd period - Bowen Byram is hit by Brenden Dillon and loses puck.
5:23 of 3rd period - Snap shot by Gabriel Vilardi.
5:23 of 3rd period - Stopped by Alexandar Georgiev without a rebound.
5:24 of 3rd period - Mark Scheifele wins face-off versus Nathan MacKinnon in Colorado Avalanche zone.
5:31 of 3rd period - Wrist shot by Mark Scheifele.
5:31 of 3rd period - Stopped by Alexandar Georgiev with a rebound.
5:33 of 3rd period - Slapshot by Mark Scheifele.
5:33 of 3rd period - Goal by Mark Scheifele - Winnipeg Jets : 1 - Colorado Avalanche : 3.
5:34 of 3rd period - Nathan MacKinnon wins face-off versus Mark Scheifele in neutral zone.
5:43 of 3rd period - Backhand shot by Mikko Rantanen.
5:43 of 3rd period - Stopped by Connor Hellebuyck without a rebound.
5:44 of 3rd period - Nathan MacKinnon wins face-off versus Mark Scheifele in Winnipeg Jets zone.
5:58 of 3rd period - Minor Penalty to Phil Kessel for Tripping.
5:59 of 3rd period - Nathan MacKinnon wins face-off versus Morgan Barron in Winnipeg Jets zone.
6:05 of 3rd period - Slapshot by Nathan MacKinnon.
6:05 of 3rd period - Stopped by Connor Hellebuyck with a rebound.
6:07 of 3rd period - Slapshot by Bowen Byram.
6:07 of 3rd period - Shot Blocked by Josh Morrissey.
6:09 of 3rd period - Slapshot by Nathan MacKinnon.
6:09 of 3rd period - Shot Blocked by Josh Morrissey.
6:11 of 3rd period - Wrist shot by Artturi Lehkonen.
6:11 of 3rd period - Stopped by Connor Hellebuyck with a rebound.
6:13 of 3rd period - Wrist shot by Nathan MacKinnon.
6:13 of 3rd period - Shot Blocked by Dylan Samberg.
6:15 of 3rd period - Slapshot by Mikko Rantanen.
6:15 of 3rd period - Deflect By Josh Morrissey.
6:15 of 3rd period - Shot Misses the Net.
6:15 of 3rd period - Puck is out of play.
6:16 of 3rd period - Nathan MacKinnon wins face-off versus Morgan Barron in Winnipeg Jets zone.
6:27 of 3rd period - Wrist shot by Nathan MacKinnon.
6:27 of 3rd period - Stopped by Connor Hellebuyck without a rebound.
6:28 of 3rd period - Nathan MacKinnon wins face-off versus Morgan Barron in Winnipeg Jets zone.
6:33 of 3rd period - Snap shot by Nathan MacKinnon.
6:33 of 3rd period - Shot Misses the Net.
6:35 of 3rd period - Wrist shot by Cale Makar.
6:35 of 3rd period - Stopped by Connor Hellebuyck without a rebound.
6:36 of 3rd period - Nathan MacKinnon wins face-off versus Morgan Barron in Winnipeg Jets zone.
6:51 of 3rd period - Snap shot by Mikko Rantanen.
6:51 of 3rd period - Stopped by Connor Hellebuyck without a rebound.
6:52 of 3rd period - Nathan MacKinnon wins face-off versus Morgan Barron in Winnipeg Jets zone.
6:55 of 3rd period - Snap shot by Mikko Rantanen.
6:55 of 3rd period - Stopped by Connor Hellebuyck without a rebound.
6:56 of 3rd period - Morgan Barron wins face-off versus Nathan MacKinnon in Winnipeg Jets zone.
7:05 of 3rd period - Slapshot by Cale Makar.
7:05 of 3rd period - Shot Blocked by Alex Iafallo.
7:07 of 3rd period - Snap shot by Mikko Rantanen.
7:07 of 3rd period - Deflect By Artturi Lehkonen.
7:07 of 3rd period - Stopped by Connor Hellebuyck without a rebound.
7:08 of 3rd period - Nathan MacKinnon wins face-off versus Morgan Barron in Winnipeg Jets zone.
7:09 of 3rd period - Snap shot by Mikko Rantanen.
7:09 of 3rd period - Goal by Mikko Rantanen - Winnipeg Jets : 1 - Colorado Avalanche : 4.
7:10 of 3rd period - Mikko Rantanen wins face-off versus Mark Scheifele in neutral zone.
7:15 of 3rd period - Snap shot by Nathan MacKinnon.
7:15 of 3rd period - Stopped by Connor Hellebuyck with a rebound.
7:37 of 3rd period - Adam Lowry is hit by Jack Johnson and loses puck.
8:00 of 3rd period - Wrist shot by Gabriel Vilardi.
8:00 of 3rd period - Stopped by Alexandar Georgiev without a rebound.
8:01 of 3rd period - Ross Colton wins face-off versus Gabriel Vilardi in Colorado Avalanche zone.
8:01 of 3rd period - Ross Colton is hit by Alex Chiasson.
8:11 of 3rd period - Wrist shot by Jonathan Drouin.
8:11 of 3rd period - Shot Misses the Net.
8:58 of 3rd period - Snap shot by Ross Colton.
8:58 of 3rd period - Deflect By Jonathan Drouin.
8:58 of 3rd period - Stopped by Connor Hellebuyck with a rebound.
9:00 of 3rd period - Slapshot by Caleb Jones.
9:00 of 3rd period - Stopped by Connor Hellebuyck without a rebound.
9:01 of 3rd period - Mark Scheifele wins face-off versus Nathan MacKinnon in Winnipeg Jets zone.
9:08 of 3rd period - Snap shot by Kyle Connor.
9:08 of 3rd period - Shot Blocked by Josh Manson.
9:10 of 3rd period - Slapshot by Kyle Connor.
9:10 of 3rd period - Stopped by Alexandar Georgiev without a rebound.
9:11 of 3rd period - Nathan MacKinnon wins face-off versus Mark Scheifele in Colorado Avalanche zone.
9:11 of 3rd period - Nathan MacKinnon is hit by Kyle Connor.
9:47 of 3rd period - Snap shot by Kyle Connor.
9:47 of 3rd period - Stopped by Alexandar Georgiev without a rebound.
9:48 of 3rd period - Ryan Johansen wins face-off versus Adam Lowry in Colorado Avalanche zone.
9:55 of 3rd period - Snap shot by Josh Morrissey.
9:55 of 3rd period - Shot Misses the Net.
9:57 of 3rd period - Slapshot by Adam Lowry.
9:57 of 3rd period - Shot Misses the Net.
9:59 of 3rd period - Slapshot by Neal Pionk.
9:59 of 3rd period - Shot Blocked by Samuel Girard.
10:01 of 3rd period - Wrist shot by Adam Lowry.
10:01 of 3rd period - Shot Misses the Net.
10:03 of 3rd period - Slapshot by Josh Morrissey.
10:03 of 3rd period - Stopped by Alexandar Georgiev with a rebound.
10:05 of 3rd period - Backhand shot by Neal Pionk.
10:05 of 3rd period - Deflect By Valeri Nichushkin.
10:05 of 3rd period - Stopped by Alexandar Georgiev without a rebound.
10:06 of 3rd period - Mark Scheifele wins face-off versus Nathan MacKinnon in Colorado Avalanche zone.
10:07 of 3rd period - Wrist shot by Kyle Connor.
10:07 of 3rd period - Stopped by Alexandar Georgiev with a rebound.
10:09 of 3rd period - Wrist shot by Phil Kessel.
10:09 of 3rd period - Stopped by Alexandar Georgiev with a rebound.
10:21 of 3rd period - Slapshot by Kyle Connor.
10:21 of 3rd period - Stopped by Alexandar Georgiev without a rebound.
10:22 of 3rd period - Ryan Johansen wins face-off versus Adam Lowry in Colorado Avalanche zone.
10:27 of 3rd period - Nikolaj Ehlers is hit by Valeri Nichushkin and loses puck.
10:34 of 3rd period - Slapshot by Josh Morrissey.
10:34 of 3rd period - Shot Blocked by Valeri Nichushkin.
10:36 of 3rd period - Snap shot by Nino Niederreiter.
10:36 of 3rd period - Deflect By Nikolaj Ehlers.
10:36 of 3rd period - Shot Misses the Net.
10:36 of 3rd period - Puck is out of play.
10:37 of 3rd period - Mark Scheifele wins face-off versus Mikko Rantanen in Colorado Avalanche zone.
11:48 of 3rd period - Wrist shot by Artturi Lehkonen.
11:48 of 3rd period - Shot Misses the Net.
11:50 of 3rd period - Slapshot by Mikko Rantanen.
11:50 of 3rd period - Stopped by Connor Hellebuyck with a rebound.
12:20 of 3rd period - Wrist shot by Mikko Rantanen.
12:20 of 3rd period - Stopped by Connor Hellebuyck with a rebound.
12:22 of 3rd period - Slapshot by Mikko Rantanen.
12:22 of 3rd period - Stopped by Connor Hellebuyck with a rebound.
12:54 of 3rd period - Wrist shot by Nathan MacKinnon.
12:54 of 3rd period - Shot Blocked by Alex Chiasson.
12:56 of 3rd period - Snap shot by Artturi Lehkonen.
12:56 of 3rd period - Shot Blocked by Gabriel Vilardi.
13:40 of 3rd period - Snap shot by Nathan MacKinnon.
13:40 of 3rd period - Stopped by Connor Hellebuyck with a rebound.
13:42 of 3rd period - Slapshot by Josh Manson.
13:42 of 3rd period - Shot Blocked by Gabriel Vilardi.
13:44 of 3rd period - Wrist shot by Nathan MacKinnon.
13:44 of 3rd period - Shot Misses the Net.
13:46 of 3rd period - Snap shot by Mikko Rantanen.
13:46 of 3rd period - Shot Blocked by Gabriel Vilardi.
13:48 of 3rd period - Slapshot by Josh Manson.
13:48 of 3rd period - Stopped by Connor Hellebuyck with a rebound.
13:56 of 3rd period - Snap shot by Nathan MacKinnon.
13:56 of 3rd period - Stopped by Connor Hellebuyck without a rebound.
13:57 of 3rd period - Mark Scheifele wins face-off versus Ryan Johansen in Winnipeg Jets zone.
14:14 of 3rd period - Bowen Byram is hit by Mark Scheifele and loses puck.
14:28 of 3rd period - Off-side.
14:29 of 3rd period - Adam Lowry wins face-off versus Ross Colton in neutral zone.
14:45 of 3rd period - Snap shot by Nino Niederreiter.
14:45 of 3rd period - Goal by Nino Niederreiter - Winnipeg Jets : 2 - Colorado Avalanche : 4.
14:46 of 3rd period - Ryan Johansen wins face-off versus Mark Scheifele in neutral zone.
15:01 of 3rd period - Wrist shot by Kyle Connor.
15:01 of 3rd period - Shot Misses the Net.
15:21 of 3rd period - Slapshot by Samuel Girard.
15:21 of 3rd period - Stopped by Connor Hellebuyck without a rebound.
15:22 of 3rd period - Adam Lowry wins face-off versus Ross Colton in Winnipeg Jets zone.
15:22 of 3rd period - Adam Lowry is hit by Jonathan Drouin.
15:38 of 3rd period - Snap shot by Logan O'Connor.
15:38 of 3rd period - Stopped by Connor Hellebuyck without a rebound.
15:39 of 3rd period - Mark Scheifele wins face-off versus Ryan Johansen in Winnipeg Jets zone.
16:12 of 3rd period - Snap shot by Ross Colton.
16:12 of 3rd period - Deflect By Nikolaj Ehlers.
16:12 of 3rd period - Shot Misses the Net.
16:12 of 3rd period - Puck is out of play.
16:13 of 3rd period - Ross Colton wins face-off versus Morgan Barron in Winnipeg Jets zone.
16:22 of 3rd period - Snap shot by Jonathan Drouin.
16:22 of 3rd period - Stopped by Connor Hellebuyck with a rebound.
16:24 of 3rd period - Slapshot by Jack Johnson.
16:24 of 3rd period - Shot Misses the Net.
16:26 of 3rd period - Backhand shot by Samuel Girard.
16:26 of 3rd period - Shot Blocked by Josh Morrissey.
16:40 of 3rd period - Samuel Girard is hit by Nino Niederreiter.
18:08 of 3rd period - Slapshot by Gabriel Vilardi.
18:08 of 3rd period - Shot Misses the Net.
18:10 of 3rd period - Slapshot by Alex Chiasson.
18:10 of 3rd period - Shot Misses the Net.
18:12 of 3rd period - Snap shot by Alex Chiasson.
18:12 of 3rd period - Stopped by Alexandar Georgiev without a rebound.
18:13 of 3rd period - Gabriel Vilardi wins face-off versus Ryan Johansen in Colorado Avalanche zone.
18:14 of 3rd period - Slapshot by Alex Iafallo.
18:14 of 3rd period - Shot Blocked by Samuel Girard.
18:16 of 3rd period - Snap shot by Gabriel Vilardi.
18:16 of 3rd period - Stopped by Alexandar Georgiev with a rebound.
18:18 of 3rd period - Wrist shot by Alex Chiasson.
18:18 of 3rd period - Deflect By Alex Iafallo.
18:18 of 3rd period - Goal by Alex Iafallo - Winnipeg Jets : 3 - Colorado Avalanche : 4.
18:19 of 3rd period - Logan O'Connor wins face-off versus Morgan Barron in neutral zone.
18:46 of 3rd period - Mikko Rantanen is hit by Josh Morrissey and loses puck.
19:11 of 3rd period - Kyle Connor is hit by Caleb Jones and loses puck.
19:22 of 3rd period - Winnipeg Jets, Connor Hellebuyck is pulled from the net.
19:36 of 3rd period - Snap shot by Kyle Connor.
19:36 of 3rd period - Shot Misses the Net.
19:44 of 3rd period - Snap shot by Kyle Connor.
19:44 of 3rd period - Stopped by Alexandar Georgiev with a rebound.
19:52 of 3rd period - Wrist shot by Mark Scheifele.
19:52 of 3rd period - Stopped by Alexandar Georgiev with a rebound.
19:54 of 3rd period - Slapshot by Dylan DeMelo.
19:54 of 3rd period - Deflect By Kyle Connor.
19:54 of 3rd period - Stopped by Alexandar Georgiev with a rebound.
19:56 of 3rd period - Snap shot by Kyle Connor.
19:56 of 3rd period - Shot Misses the Net.
19:58 of 3rd period - Slapshot by Dylan DeMelo.
19:58 of 3rd period - Deflect By Nathan MacKinnon.
19:58 of 3rd period - Stopped by Alexandar Georgiev with a rebound.
Goals for this period are 3 for Winnipeg Jets vs 2 for Colorado Avalanche.
Shots for this period are 20 for Winnipeg Jets vs 24 for Colorado Avalanche.